 Dungeon Crawl Stone Soup version 0.21.1-1-g345015f (webtiles) character file.

22 tidbits the Insei (level 2, 17/23 HPs)
             Began as a Gnoll Transmuter on Feb 21, 2018.
             Quit the game on level 3 of the Dungeon.
             The game lasted 00:03:48 (333 turns).

tidbits the Insei (Gnoll Transmuter)                 Turns: 333, Time: 00:03:49

Health: 17/23      AC:  4    Str: 12    XL:     2   Next: 91%
Magic:  7/7        EV: 14    Int: 15    God:
Gold:   78         SH:  0    Dex: 15    Spells: 7/10 levels left

rFire    . . .     SeeInvis .     - Unarmed
rCold    . . .     Gourm    .   (no shield)
rNeg     . . .     Faith    .   b - +0 robe
rPois    .         Spirit   .   E - +0 helmet
rElec    .         Reflect  +   (no cloak)
rCorr    .         Harm     .   G - +0 pair of gloves
MR       .....                  (no boots)
Stlth    +.........             k - +3 amulet of reflection
HPRegen  0.07/turn              (no ring)
MPRegen  0.10/turn              (no ring)

@: confused
A: distributed training, fangs 1, strong nose
a: no special abilities


You were on level 3 of the Dungeon.
You were not hungry.

You visited 1 branch of the dungeon, and saw 3 of its levels.

You collected 78 gold pieces.

Inventory:

Hand Weapons
 i - a +0 hunting sling
Missiles
 a - 10 arrows
 j - 25 stones (quivered)
 m - 9 bolts
Armour
 b - a +0 robe (worn)
 E - a +0 helmet (worn)
 G - a +0 pair of gloves (worn)
Jewellery
 k - a +3 amulet of reflection (around neck)
   (You found it on level 2 of the Dungeon)
Scrolls
 f - a scroll of enchant armour {unknown}
 g - a scroll of remove curse {unknown}
 h - a scroll of identify {unknown}
 n - a scroll of amnesia {unknown}
Books
 c - a book of Changes

   Spells                             Type                      Level
   a - Beastly Appendage              Transmutation                1
   b - Sticks to Snakes               Transmutation                2
   c - Spider Form                    Transmutation/Poison         3
   d - Ice Form                       Ice/Transmutation            4
   e - Blade Hands                    Transmutation                5
Comestibles
 d - 2 rations


   Skills:
 + Level 2.5 Fighting
 + Level 0.5 Short Blades
 + Level 0.5 Long Blades
 + Level 0.5 Axes
 + Level 0.5 Maces & Flails
 + Level 0.5 Polearms
 + Level 0.5 Staves
 + Level 0.5 Slings
 + Level 0.5 Bows
 + Level 0.5 Crossbows
 + Level 0.5 Throwing
 + Level 0.5 Armour
 + Level 4.5 Dodging
 + Level 0.5 Stealth
 + Level 0.5 Shields
 + Level 6.5 Unarmed Combat
 + Level 4.9 Spellcasting
 + Level 0.4 Conjurations
 + Level 0.4 Hexes
 + Level 0.4 Charms
 + Level 0.4 Summonings
 + Level 0.4 Necromancy
 + Level 0.4 Translocations
 + Level 3.7 Transmutations
 + Level 0.4 Fire Magic
 + Level 0.4 Ice Magic
 + Level 0.4 Air Magic
 + Level 0.4 Earth Magic
 + Level 0.4 Poison Magic
 + Level 0.7 Invocations
 + Level 0.5 Evocations


You had 7 spell levels left.
You knew the following spells:

 Your Spells              Type           Power        Failure   Level  Hunger
e - Beastly Appendage     Tmut           ##....       3%          1    None
k - Sticks to Snakes      Tmut           ##......     5%          2    ##.....


Dungeon Overview and Level Annotations

Branches:
Dungeon (3/15)

Altars:

Annotations:
D:3 tidbits's ghost, amateur GnTm


Innate Abilities, Weirdness & Mutations

Your experience applies equally to all skills.
You have very sharp teeth.
Your uncanny sense of smell can sniff out nearby items.


Message History

Confirm with . or Enter, or press ? or * to list all spells.
You create a snake!
You now have 11 arrows.
The sky beast flickers out of sight!
Okay, then.
You swap places.
You see here a stone.
The orc shouts!
There is a stone staircase leading up here.
A sky beast appears from thin air!
The sky beast hits your ball python. The sky beast shocks your ball python.
Your ball python dies!
You climb upwards.
Your transformation is almost over.
There is a stone staircase leading down here.
There is an escape hatch in the floor here.
You slide downwards.
The hatch slams shut behind you.
Level annotation: tidbits's ghost, amateur GnTm A frilled lizard comes into view.
Your talons disappear.
Found a stone staircase leading up.
The frilled lizard hisses angrily.
There is a stone staircase leading up here.
You climb upwards.
Found 16 poisoned needles.
Found an escape hatch in the ceiling.
There is a stone staircase leading down here.
Unknown command.
A kobold comes into view.
The kobold shouts!
Casting: Sticks to Snakes
Confirm with . or Enter, or press ? or * to list all spells.
Your feet morph into talons.
The kobold barely misses you.
You barely miss the kobold.
You kill the kobold!
You see here a kobold corpse.
You open the door. You open the door.
Your transformation is almost over.
There is an open door here.
There is a stone staircase leading down here.
You climb downwards.
Level annotation: tidbits's ghost, amateur GnTm
There is a stone staircase leading up here.
Unknown command.
You punch the frilled lizard!
You kill the frilled lizard!
You see here a frilled lizard corpse.
Your talons disappear.
The orc shouts!
Found 14 sling bullets.
A rat comes into view.
Casting: Beastly Appendage
Confirm with . or Enter, or press ? or * to list all spells.
Your feet morph into talons.
Unknown command.
You punch the rat!
You kill the rat!
Casting: Beastly Appendage
Confirm with . or Enter, or press ? or * to list all spells.
You create a snake!
You now have 10 arrows.
You hit the orc.
The orc is almost dead.
Your ball python barely misses the orc.
Your ball python closely misses the orc.
The orc closely misses you.
The orc hits your ball python with a hand axe.
You hit the orc.
You kill the orc!
Things that are here:
a hand axe; a leather armour; an orc corpse You see here 14 sling bullets.
Your transformation is almost over.
Your talons disappear.
Blink to where?
Press: ? - help, Dir - move target cursor, f - you Are you sure you want to cancel this blink? [Y]es or [N]o only, please.
Are you sure you want to cancel this blink? [Y]es or [N]o only, please.
Are you sure you want to cancel this blink?
Blink to where?
Press: ? - help, Dir - move target cursor You can't see that place. [the floor.] Are you sure you want to cancel this blink?
Blink to where?
Press: ? - help, Dir - move target cursor, f - you Are you sure you want to cancel this blink?
Blink to where?
Press: ? - help, Dir - move target cursor, f - you Are you sure you want to cancel this blink?
Okay, then.
As you read the scroll labeled WAEROU MOHEIPPAN, it crumbles to dust.
It was a scroll of blinking.
It was a potion of ambrosia.
You are confused.
You feel invigorated.
Are you sure you want to stumble around while confused and next to your ball python?
Okay, then.
Are you sure you want to abandon this character and quit the game? (Confirm with "yes".)

∆
##################
##...............#
##.####.########S#
(...# #.# #@#
##..# #.# #.#
.#..# ### ###
#)..# ##..# #..# ∆
#...# .#.#####
...## #......<
...## .#.#####


You could see a friendly ball python.

Vanquished Creatures
  A worm (D:2)
  An orc (D:3)
  A bat (D:1)
  2 giant cockroaches (D:2)
  2 goblins (D:2)
  2 hobgoblins (D:2)
  3 kobolds
  2 frilled lizards (D:3)
  3 rats
17 creatures vanquished.

Notes
Turn   | Place    | Note
-------+----------+-------------------------------------------
     0 | D:1      | tidbits the Gnoll Transmuter began the quest for the Orb.
     0 | D:1      | Reached XP level 1. HP: 17/17 MP: 6/6
   114 | D:2      | Reached XP level 2. HP: 7/23 MP: 5/7
   118 | D:2      | Learned a level 2 spell: Sticks to Snakes
   129 | D:3      | Noticed tidbits's ghost (amateur GnTm)
   246 | D:3      | Noticed a sky beast
   333 | D:3      | Quit the game

Action                   || total
-------------------------++-------
Melee: Unarmed           ||    40
       Kick              ||     8
       Bite              ||     3
       Punch             ||     1
 Cast: Beastly Appendage ||     8
       Sticks to Snakes  ||     2
  Use: Scroll            ||     1
       Potion            ||     1
Armor: Robe              ||     3
Dodge: Dodged            ||    21

Table legend:
 A = Turns spent in this place as a percentage of turns spent in the entire game.
 B = Non-inter-level travel turns spent in this place as a percentage of non-inter-level travel turns spent in the entire game.
 C = Inter-level travel turns spent in this place as a percentage of turns spent in this place.
 D = Turns resting spent in this place as a percentage of non-inter-level travel turns spent in this place.
 E = Turns spent auto-exploring this place as a percentage of non-inter-level travel turns spent in this place.
 F = Non-inter-level travel turns spent in this place divided by the number of levels of this place that you've seen.
                   A       B       C       D       E      F
               +-------+-------+-------+-------+-------+----------------------
         Total | 100.0 | 100.0 |   0.0 |   0.0 |   0.0 | 111.0
       Dungeon | 100.0 | 100.0 |   0.0 |   0.0 |   0.0 | 111.0
               +-------+-------+-------+-------+-------+----------------------

Table legend:
 A = Kills in this place as a percentage of kills in entire the game.
 B = Kills by you in this place as a percentage of kills by you in the entire game.
 C = Kills by friends in this place as a percentage of kills by friends in the entire game.
 D = Other kills in this place as a percentage of other kills in the entire game.
 E = Experience gained in this place as a percentage of experience gained in the entire game.
 F = Experience gained in this place divided by the number of levels of this place that you have seen.
                   A       B       C       D       E      F
               +-------+-------+-------+-------+-------+----------------------
         Total | 100.0 | 100.0 |   N/A |   N/A | 100.0 |  10.7
       Dungeon | 100.0 | 100.0 |   N/A |   N/A | 100.0 |  10.7
               +-------+-------+-------+-------+-------+----------------------

Vault maps used:
D:1:      lemuel_arrival_funnel
D:3:      nicolae_tso_swordbearing_angel
